 Dungeon Crawl Stone Soup version 0.22.1-1-ga44c0e56f4 (webtiles) character file.

216 OwwwwO the Grave Robber (level 5, -14/31 HPs)
             Began as a Mummy Necromancer on Sept 21, 2018.
             Was an Initiate of Hepliaklqana.
             Demolished by an ogre
             ... wielding a +0 giant club
              (26 damage)
             ... on level 4 of the Dungeon.
             The game lasted 00:10:42 (3945 turns).

OwwwwO the Grave Robber (Mummy Necromancer)         Turns: 3945, Time: 00:10:43

Health: -14/31     AC:  2    Str: 12    XL:     5   Next: 61%
Magic:  6/12       EV: 14    Int: 15    God:    Hepliaklqana [......]
Gold:   150        SH:  0    Dex: 12    Spells: 9/14 levels left

rFire    x . .     SeeInvis .   (no weapon)
rCold    + + .     Gourm    .   (no shield)
rNeg     + + +     Faith    .   a - +0 robe
rPois    ∞         Spirit   .   (no helmet)
rElec    .         Reflect  .   (no cloak)
rCorr    .         Harm     .   (no gloves)
MR       .....                  (no boots)
Stlth    ++........             (no amulet)
HPRegen  0.10/turn              e - ring of protection from cold
MPRegen  0.13/turn              b - +2 ring of evasion

@: no status effects
A: no food or potions, fire vulnerability, reduced essence, cold resistance 1,
negative energy resistance 3, torment resistance, unbreathing
a: Recall Ancestor, Ancestor Identity, Renounce Religion


You were on level 4 of the Dungeon.
You worshipped Hepliaklqana.
Hepliaklqana was noncommittal.
You were not hungry.

You visited 1 branch of the dungeon, and saw 4 of its levels.

You collected 150 gold pieces.

Inventory:

Armour
 a - a +0 robe (worn)
Jewellery
 b - a +2 ring of evasion (right hand)
 e - a ring of protection from cold (left hand)
Scrolls
 c - a scroll of enchant armour {unknown}
 d - a scroll of identify {unknown}
 f - 2 scrolls of amnesia {unknown}
 g - a scroll of magic mapping


   Skills:
 + Level 1.7 Dodging
 + Level 2.0 Stealth
 + Level 0.7 Unarmed Combat
 + Level 5.1 Spellcasting
 + Level 5.4 Necromancy


You had 9 spell levels left.
You knew the following spells:

 Your Spells              Type           Power        Failure   Level  Hunger
a - Pain                  Necr           ###.         1%          1    N/A
b - Animate Dead          Necr           N/A          17%         4    N/A

Your spell library contained the following spells:

 Spells                   Type           Power        Failure   Level  Hunger
 Animate Skeleton         Necr           N/A          1%          1    N/A
 Vampiric Draining        Necr           ###.......   5%          3    N/A
 Regeneration             Chrm/Necr      Unusable     N/A         3    N/A

Dungeon Overview and Level Annotations

Branches:
Dungeon (4/15)
 Temple: D:4-7

Altars:
Ashenzari
Dithmenos
Gozag
Hepliaklqana
Ru
Xom


Innate Abilities, Weirdness & Mutations

You do not eat or drink.
Your flesh is vulnerable to fire.
You are immune to poison.
Your flesh is cold resistant. (rC+)
You are immune to negative energy. (rN+++)
You are immune to unholy pain and torment.
You can survive without breathing.
Your life essence is reduced to manifest your ancestor. (-10% HP)


Message History

An ogre comes into view. It is wielding a giant club.
The ogre shouts!
Casting: Animate Dead (slightly dangerous; 17% risk of failure)
Confirm with . or Enter, or press ? or * to list all spells.
Aiming: Pain (safe; 1% risk of failure)
Press: ? - help, Shift-Dir - straight line, f - ogre
Aim: an ogre, wielding a giant club (chance to defeat MR: 80%)
The ogre barely resists.
Casting: Pain (safe; 1% risk of failure)
Confirm with . or Enter, or press ? or * to list all spells.
Aiming: Pain (safe; 1% risk of failure)
Press: ? - help, Shift-Dir - straight line, f/p - ogre
Aim: an ogre, wielding a giant club (chance to defeat MR: 80%)
The ogre barely resists.
The ogre hits you with a giant club!!
Ouch! That really hurt!
You hit the ogre.
The ogre is lightly wounded.
The ogre hits you with a giant club!!
Ouch! That really hurt!
You die...

######## #......#
#......# #......#
#...... ######$...
#.....O.# . #
#....R@Z# .#
..#.......##...
...............
##........##...
?...Z...........
####.###.####...#
#####................
...#.###.##.#..#####
..# ##.#.###.##.#..#


You could see the friendly Wystan the ancestor, an ogre, a friendly iguana
zombie and a friendly adder zombie.

Vanquished Creatures
  A scorpion (D:4)
  A hound (D:4)
  An iguana (D:4)
  4 adders (D:2)
  An ooze (D:1)
  A worm (D:2)
  An orc (D:3)
  15 goblins
  8 hobgoblins
  3 jackals (D:3)
  2 kobolds
  A quokka (D:2)
  4 bats (D:1)
  A frilled lizard (D:2)
  5 rats
49 creatures vanquished.

Vanquished Creatures (collateral kills)
  Robin (D:2)
  An adder (D:4)
  A worm (D:3)
  An orc (D:3)
  A goblin (D:2)
  A quokka (D:3)
  A bat (D:3)
  A frilled lizard (D:3)
8 creatures vanquished.

Grand Total: 57 creatures vanquished

Notes
Turn   | Place    | Note
-------+----------+-------------------------------------------
     0 | D:1      | OwwwwO the Mummy Necromancer began the quest for the Orb.
     0 | D:1      | Reached XP level 1. HP: 13/13 MP: 4/4
   133 | D:1      | Reached XP level 2. HP: 13/19 MP: 0/5
  1227 | D:2      | Reached XP level 3. HP: 24/24 MP: 4/7
  1971 | D:2      | Noticed Robin
  2159 | D:2      | Reached XP level 4. HP: 15/30 MP: 2/10
  2312 | D:2      | Learned a level 4 spell: Animate Dead
  2731 | D:2      | Killed Robin
  3037 | D:2      | Found a hazy altar of Hepliaklqana.
  3048 | D:2      | Became a worshipper of Hepliaklqana the Forgotten
  3220 | D:3      | Found a sacrificial altar of Ru.
  3363 | D:3      | Found an opulent altar of Gozag.
  3367 | D:3      | Found a shattered altar of Ashenzari.
  3590 | D:3      | Found a glowing golden altar of the Shining One.
  3592 | D:3      | Found a shimmering altar of Xom.
  3592 | D:3      | Found a shimmering altar of Xom.
  3596 | D:3      | Found a shadowy altar of Dithmenos.
  3596 | D:3      | Found a hazy altar of Hepliaklqana.
  3596 | D:3      | Found a shadowy altar of Dithmenos.
  3759 | D:4      | Reached XP level 5. HP: 25/31 MP: 8/12
  3810 | D:4      | Reached skill level 5 in Necromancy
  3840 | D:4      | Reached skill level 5 in Spellcasting
  3940 | D:4      | Noticed an ogre
  3945 | D:4      | Demolished by an ogre

Skill      XL: |  1  2  3  4  5 |
---------------+----------------+-----
Spellcasting   | 3 4 5 |  5.1
Stealth        | 2 |  2.0
Necromancy     | 5 |  5.4
Dodging        | |  1.7
Unarmed Combat | |  0.7

Action                   |  1- 3 |  4- 6 || total
-------------------------+-------+-------++-------
Melee: Unarmed           |    44 |    37 ||    81
 Cast: Pain              |    79 |    45 ||   124
       Animate Dead      |       |    10 ||    10
  Use: Scroll            |     3 |       ||     3
Armor: Robe              |     6 |     7 ||    13
Dodge: Dodged            |    34 |    28 ||    62
